 Dungeon Crawl Stone Soup version 0.28.0 (webtiles) character file.

Game seed: 2734136975842824020

172 Ajdolov the Spear-Bearer (level 5, 0/38 HPs)
             Began as a Merfolk Gladiator on Feb 13, 2022.
             Slain by a goblin (4 damage)
             ... led by Robin
             ... on level 3 of the Dungeon.
             The game lasted 00:03:22 (3017 turns).

Ajdolov the Spear-Bearer (Merfolk Gladiator)        Turns: 3017, Time: 00:03:23

Health: 0/38       AC:  9    Str: 17    XL:     5   Next: 52%
Magic:  5/5        EV: 13    Int:  7    God:
Gold:   43         SH:  0    Dex: 15    Spells: 4/4 levels left

rFire   . . .      SeeInvis .   a - +0 trident
rCold   . . .      Faith    .   (no shield)
rNeg    . . .      Spirit   .   b - +0 leather armour
rPois   .          Reflect  .   c - +0 helmet
rElec   .          Harm     .   (no cloak)
rCorr   .          Rampage  .   r - +0 pair of gloves
Will    .....                   (no boots)
Stlth   +.........              (no amulet)
HPRegen 0.12/turn               j - +4 ring of protection
MPRegen 0.09/turn               (no ring)

@: lethally poisoned (0 -> -5)
A: (nimble swimmer 2), mertail
a: no special abilities


You were on level 3 of the Dungeon.
You visited 1 branch of the dungeon, and saw 3 of its levels.

You collected 67 gold pieces.
You spent 24 gold pieces at shops.

Inventory:

Hand Weapons
 a - a +0 trident (weapon)
Missiles
 d - 2 throwing nets (quivered)
Armour
 b - a +0 leather armour (worn)
 c - a +0 helmet (worn)
 r - a +0 pair of gloves (worn)
Jewellery
 j - a +4 ring of protection (left hand)
 q - an amulet of magic regeneration
Scrolls
 h - a scroll of teleportation {unknown}
 i - 2 scrolls of identify
 l - 2 scrolls of fear {unknown}
 m - a scroll of immolation {unknown}
 n - a scroll of torment {unknown}
 p - a scroll of fog {unknown}
Potions
 e - a potion of berserk rage {unknown}
 f - a potion of haste {unknown}
 g - a potion of cancellation {unknown}
 k - a potion of heal wounds {unknown}
 o - a potion of attraction {unknown}


   Skills:
 - Level 2.1 Fighting
 * Level 8.7 Polearms
 - Level 2.0 Throwing
 - Level 4.0 Dodging


You had 4 spell levels left.
You didn't know any spells.
Your spell library contained the following spells:

 Spells                   Type           Power      Damage    Failure   Level
 Gell's Gravitas          Tloc           0%         N/A       86%         3
 Lesser Beckoning         Tloc           0%         N/A       86%         3
 Teleport Other           Tloc           0%         N/A       86%         3


Dungeon Overview and Level Annotations

Branches:
Dungeon (3/15)

Altars:

Shops:
D:2 ?

Annotations:
D:3 Robin


Innate Abilities, Weirdness & Mutations

((You are very nimble when in or above water. (Stealth+, EV+, Speed+++)))
Your lower body shifts to a powerful aquatic tail in water.


Message History

You closely miss the goblin.
Robin roars a battlecry!
The goblins go into a battle-frenzy!
You hear a shout! x2
You puncture the goblin!
You kill the goblin!
Robin roars a battlecry!
You hit the goblin but do no damage.
The goblin hits you with a +2 dagger of venom.
You are poisoned.
You miss the goblin.
You feel very sick.
You closely miss the goblin.
You feel sick.
The goblin hits you with a +2 dagger of venom.
You are more poisoned.
You hit the goblin but do no damage.
You feel very sick. The goblin barely misses you.
You closely miss the goblin.
You feel very sick. The goblin barely misses you.
You puncture the goblin!
You kill the goblin!
You feel very sick.
A goblin comes into view. It is wielding a +0 club.
You closely miss the goblin.
You feel sick.
The goblin shouts!
You hear a shout! x2
The goblin misses you. Robin throws the goblin at you!
A goblin comes into view. It is wielding a +0 club.
The goblin shouts!
You barely miss the goblin.
You feel sick.
A goblin comes into view. It is wielding a +0 club.
You closely miss the goblin.
You feel sick. The goblin closely misses you. x2
A goblin comes into view. It is wielding a +0 club.
You hit the goblin.
The goblin is heavily wounded.
You feel sick. The goblin hits you with a +0 club.
* * * LOW HITPOINT WARNING * * *
The goblin hits you with a +0 club.
You die...

...........##.##.#.############
#...>.........................##
####......).#.##.#.##########..#
#........#.##.#.......#####.##
#.......)#.##.#...............
#.######)#.##.#...รท...........
#.# #)#.##.#............... #.#
#.#.##g#....)....##.... #.#
#.#.##@#..........#.... #.# #.#
#g#.....)....#.... #.#
####.#+##g####.......#.... #.#
...........# ###..........
###....gg.# #.......###
.......g...# #.......#
.......##.## #####'#.#
........#... .#.# ....g...#####
## #


You could see Robin and 5 goblins.

Vanquished Creatures
  Jessica (D:3)
  An iguana (D:2)
  An orc wizard (D:3)
  4 adders
  A worm (D:2)
  2 dart slugs (D:2)
  5 orcs (D:3)
  3 bats (D:2)
  3 endoplasms
  3 giant cockroaches
  6 goblins
  6 hobgoblins
  7 kobolds
  A ball python (D:2)
  A frilled lizard (D:1)
  2 rats
47 creatures vanquished.

Notes
Turn   | Place    | Note
-------+----------+-------------------------------------------
     0 | D:1      | Ajdolov the Merfolk Gladiator began the quest for the Orb.
     0 | D:1      | Reached XP level 1. HP: 16/16 MP: 1/1
   776 | D:1      | Reached skill level 5 in Polearms
   782 | D:1      | Reached XP level 2. HP: 20/22 MP: 2/2
  1613 | D:2      | Reached skill level 6 in Polearms
  1613 | D:2      | Reached XP level 3. HP: 27/27 MP: 3/3
  1787 | D:2      | Found Plog's Magic Scroll Shop.
  1793 | D:2      | Bought a scroll of identify for 24 gold pieces
  1972 | D:2      | Reached skill level 7 in Polearms
  1972 | D:2      | Reached XP level 4. HP: 26/33 MP: 4/4
  2052 | D:2      | Found a faded altar of an unknown god.
  2532 | D:3      | Reached skill level 8 in Polearms
  2534 | D:3      | Reached XP level 5. HP: 20/38 MP: 5/5
  2887 | D:3      | Noticed Jessica
  2893 | D:3      | Killed Jessica
  2999 | D:3      | Noticed Robin
  3017 | D:3      | Slain by a goblin

Illustrated notes

Levels and vault maps discovered:
D:1:      dpeg_arrival_lava_temple_mockup, layout_basic,
          minmay_misc_feat_more_columns
D:2:      layout_basic, serial_shops, shop, shapermc_ecumenical_altar_acropolis
D:3:      layout_basic, uniq_robin, uniq_jessica

Skill      XL: |  1  2  3  4 |
---------------+-------------+-----
Polearms       | 5 6 7 8 |  8.7
Fighting       | |  2.1
Throwing       | |  2.0
Dodging        | |  4.0

Action                   |  1- 3 |  4- 6 || total
-------------------------+-------+-------++-------
Melee: Trident           |   113 |    68 ||   181
       Punch             |     2 |     1 ||     3
Throw: Throwing net      |     2 |       ||     2
 Stab: Sleeping          |     3 |       ||     3
Armor: Leather armour    |    27 |    22 ||    49
Dodge: Dodged            |    54 |    26 ||    80
